 Dungeon Crawl Stone Soup version 0.24-a0-584-g9d6b971ae4 (webtiles) character file.

Game seed: 16437504867250196747, levelgen mode: deterministic

170 Peloso the Shield-Bearer (level 5, -2/47 HPs)
             Began as a Minotaur Fighter on Aug 31, 2019.
             Killed by divine providence
             ... invoked by an orc priest
              (7 damage)
             ... on level 3 of the Dungeon.
             The game lasted 00:06:28 (2261 turns).

Peloso the Shield-Bearer (Minotaur Fighter)         Turns: 2261, Time: 00:06:29

Health: -2/47      AC: 12    Str: 20    XL:     5   Next: 26%
Magic:  0/4        EV:  6    Int:  5    God:
Gold:   178        SH: 10    Dex: 11    Spells: 4/4 levels left

rFire    . . .     SeeInvis .   a - +0 long sword
rCold    . . .     Gourm    .   c - +0 shield
rNeg     + . .     Faith    .   b - +0 chain mail
rPois    .         Spirit   +   (helmet restricted)
rElec    .         Reflect  .   r - +1 cloak
rCorr    .         Harm     .   (no gloves)
MR       .....                  j - +0 pair of boots
Stlth    ..........             p - amulet of guardian spirit
HPRegen  0.15/turn              t - ring of positive energy
MPRegen  0.09/turn              (no ring)

@: lethally poisoned (-2 -> -5)
A: retaliatory headbutt, horns 2
a: no special abilities


You were on level 3 of the Dungeon.
You were hungry.

You visited 1 branch of the dungeon, and saw 4 of its levels.

You collected 178 gold pieces.

Inventory:

Hand Weapons
 a - a +0 long sword (weapon)
Armour
 b - a +0 chain mail (worn)
 c - a +0 shield (worn)
 j - a +0 pair of boots (worn)
 r - a +1 cloak (worn)
Jewellery
 p - an amulet of guardian spirit (around neck)
 t - a ring of positive energy (left hand)
 v - a cursed -3 ring of evasion {unknown}
Wands
 l - a wand of random effects (13)
Scrolls
 g - a scroll of enchant weapon {unknown}
 h - a scroll of amnesia {unknown}
 k - 3 scrolls of remove curse
 m - 2 scrolls of fear {unknown}
 o - 4 scrolls of teleportation {unknown}
 q - 3 scrolls of identify {unknown}
Potions
 d - a potion of might
 e - a potion of mutation {unknown}
 i - a potion of degeneration {unknown}
 u - a potion of flight {unknown}
Comestibles
 f - 6 rations


   Skills:
 + Level 4.3 Fighting
 + Level 3.9 Long Blades
 + Level 4.2 Armour
 + Level 1.1 Dodging
 + Level 5.4 Shields


You had 4 spell levels left.
You didn't know any spells.
Your spell library was empty.

Dungeon Overview and Level Annotations

Branches:
Dungeon (4/15)
 Temple: D:4-7

Altars:
Hepliaklqana
Sif Muna
Uskayaw


Innate Abilities, Weirdness & Mutations

You reflexively headbutt those who attack you in melee.
You have a pair of horns on your head.


Message History

The orc priest hits you with a +0 flail.
* * * LOW HITPOINT WARNING * * *
Something hits you but does no damage. The worker ant barely misses you.
You riposte.
You barely miss the worker ant.
Your shield and chain mail prevent you from hitting the orc priest.
Your headbutt misses the orc priest.
You feel sick. You block the orc priest's attack.
The worker ant bites you but does no damage.
You block something's attack.
The orc priest looks braver for a moment.
Unknown command.
You feel sick. You block something's attack. The worker ant bites you.
* * * LOW HITPOINT WARNING * * *
You feel sick.
You hear some strange, mumbled words.
Something tries to affect you, but you resist.
You feel sick. Something hits you but does no damage.
The orc priest calls down the wrath of Beogh upon you.
Beogh smites you!
You die...

###.# #.......##.....<..# #
###.#####.#..#....#......###
#...).....##.##.########.#..
#........>##.......# #.#.#
#.........##.....#.# #.#.#
##......)..###..#.#.# #.#.#
#####.....>..o.# #.>#.#.# #.#.#
...............###..#.#.#####.#.#
######.........a@...#.#.#.....#..
#####.###.###..#.#.#.....#..
#####.##...##..#.#.#........
#.....#.....#....#.....<....
######.#.........#..###..........
...........#.....#...#...........
[###'###...##.).##.#.............
.# #.# #...###.###.##....(.......
.###.###...........##............


You could see a worker ant and an orc priest.

Vanquished Creatures
  Terence (D:2)
  A worker ant (D:2)
  2 adders (D:3)
  An ooze (D:1)
  A worm (D:3)
  2 leopard geckos (D:1)
  13 orcs
  14 bats
  7 giant cockroaches
  8 goblins
  9 hobgoblins
  A jackal (D:4)
  A quokka (D:3)
  3 frilled lizards (D:1)
  9 kobolds
  7 rats
80 creatures vanquished.

Notes
Turn   | Place    | Note
-------+----------+-------------------------------------------
     0 | D:1      | Peloso the Minotaur Fighter began the quest for the Orb.
     0 | D:1      | Reached XP level 1. HP: 19/19 MP: 0/0
    52 | D:1      | Reached skill level 4 in Shields
    52 | D:1      | Reached XP level 2. HP: 19/27 MP: 1/1
   784 | D:2      | Reached XP level 3. HP: 32/33 MP: 2/2
   915 | D:2      | Noticed Terence
   930 | D:2      | Killed Terence
   930 | D:2      | Reached skill level 5 in Shields
   930 | D:2      | Reached XP level 4. HP: 33/40 MP: 3/3
  1028 | D:2      | Found a shimmering blue altar of Sif Muna.
  1456 | D:3      | Found a hazy altar of Hepliaklqana.
  1536 | D:3      | Reached XP level 5. HP: 46/46 MP: 4/4
  1784 | D:3      | Reached skill level 1 in Dodging
  1844 | D:3      | Found a faded altar of an unknown god.
  1856 | D:3      | Noticed a +0 dagger
  1857 | D:3      | Noticed a +0 hand axe
  1858 | D:3      | Found a hide-covered altar of Uskayaw.
  2261 | D:3      | Killed from afar by an orc priest

Levels and vault maps discovered:
D:1:      onia_arrival_pentagram, layout_basic, minmay_box_of_dots
D:2:      layout_rooms, lemuel_round_altar, chequers_decorated_corner,
          uniq_terence
D:3:      layout_rooms, dancing_weapons_uskayaw, lemuel_doored_altar,
          first_ration, serial_co_window_serial, co_window_paths_b,
          co_window_paths_a, co_window_corner_a, co_window_corner_a,
          co_window_paths_a, co_window_broadway_b, co_window_of_opportunity_c,
          co_window_2corner, co_window_2corner, co_window_paths_c,
          co_window_sun, glass_columns_b, chequers_ecumenical_altar_simple,
          minmay_misc_feat_enclosed, minmay_fountain_box
D:4:      layout_basic, old_standard_altar,
          chequers_temple_overflow_statue_of_worship, old_standard_altar,
          serial_shops, shop, hangedman_decor_slide_cut, trog_book

Skill      XL: |  1  2  3  4  5 |
---------------+----------------+-----
Shields        | 4 5 |  5.4
Fighting       | 4 |  4.3
Long Blades    | 3 |  3.9
Armour         | 4 |  4.2
Dodging        | 1 |  1.1

Action                   |  1- 3 |  4- 6 || total
-------------------------+-------+-------++-------
Melee: Long sword        |    89 |   100 ||   189
       Headbutt          |     9 |    22 ||    31
  Use: Potion            |     5 |     2 ||     7
       Scroll            |     1 |     2 ||     3
  Eat: Chunk             |       |     4 ||     4
Armor: Scale mail        |    57 |    26 ||    83
       Chain mail        |       |    37 ||    37
Dodge: Dodged            |    40 |    32 ||    72
Block: Shield            |    58 |    69 ||   127
       Rpst.: Long sword |    10 |     7 ||    17

Table legend:
 A = Non-vault XP
 B = Vault XP
 C = Vault XP percentage of total XP
 D = Non-vault monster count
 E = Vault monster count
 F = Vault count percentage of total count
                 A         B        C        D         E       F
            +---------+---------+-------+---------+---------+-------
      Total |     197 |      47 |  19.3 |      76 |       4 |   5.0
            +---------+---------+-------+---------+---------+-------
        D:1 |      26 |      11 |  29.7 |      17 |       3 |  15.0
        D:2 |      66 |      36 |  35.3 |      22 |       1 |   4.3
        D:3 |      95 |       0 |   0.0 |      33 |       0 |   0.0
        D:4 |      10 |       0 |   0.0 |       4 |       0 |   0.0
            +---------+---------+-------+---------+---------+-------
